 Dungeon Crawl Stone Soup version 0.28-a0-556-gab23d0e057 (webtiles) character file.

Game seed: 3143254457728470805

233 Zenkrye the Agent of Entropy (level 5, -1/43 HPs)
             Began as a Palentonga Abyssal Knight on Sept 29, 2021.
             Was a Priest of Lugonu.
             Slain by a killer bee (5 damage)
             ... on level 4 of the Dungeon.
             The game lasted 00:08:05 (3702 turns).

Zenkrye the Agent of Entropy (PaAK)                 Turns: 3702, Time: 00:08:05

Health: -1/43      AC:  7    Str: 23    XL:     5   Next: 75%
Magic:  7/8        EV:  6    Int: 10    God:    Lugonu [***...]
Gold:   93         SH:  0    Dex: 11    Spells: 4/4 levels left

rFire   . . .      SeeInvis +   q - +0 flail
rCold   . . .      Faith    .   (no shield)
rNeg    . . .      Spirit   .   n - +0 chain mail
rPois   .          Reflect  .   (no helmet)
rElec   .          Harm     .   (no cloak)
rCorr   .          Rampage  .   (no gloves)
Will    .....                   (no barding)
Stlth   ..........              (no amulet)
HPRegen 0.14/turn               e - +6 ring of strength
MPRegen 0.11/turn               (no ring)

@: lethally poisoned (-1 -> -16), invisible
A: large, rugged brown scales 3, see invisible, deformed body, roll 1, armoured
tail
a: Rolling Charge, Renounce Religion, Depart the Abyss, Bend Space, Banish


You were on level 4 of the Dungeon.
You worshipped Lugonu.
Lugonu was most pleased with you.
You visited 1 branch of the dungeon, and saw 4 of its levels.
You visited the Abyss 1 time.

You collected 142 gold pieces.
You spent 49 gold pieces at shops.

Inventory:

Hand Weapons
 a - a +1 mace
 q - a +0 flail (weapon)
Missiles
 c - 3 poisoned darts
 l - 7 boomerangs (quivered)
Armour
 b - a +0 leather armour
 j - a +0 scale mail
 n - a +0 chain mail (worn)
 p - a +0 kite shield
Jewellery
 e - a +6 ring of strength (left hand)
Scrolls
 d - a scroll of fog
 i - 2 scrolls of identify {@r1}
 m - a scroll of summoning {unknown}
 o - a scroll of teleportation {unknown}
Potions
 f - a potion of magic {unknown}
 h - a potion of haste {@q3}
 k - a potion of lignification {unknown}
 r - a potion of attraction {unknown}


   Skills:
 - Level 3.0 Fighting
 + Level 4.2 Maces & Flails
 - Level 1.6 Armour
 - Level 0.8 Dodging
 + Level 1.1 Shields
 + Level 4.6 Invocations


You had 4 spell levels left.
You didn't know any spells.
Your spell library contained the following spells:

 Spells                   Type           Power      Damage    Failure   Level
 Call Imp                 Summ           0%         N/A       99%         2
 Summon Guardian Golem    Hex/Summ       0%         N/A       100%        3
 Dispersal                Tloc           0%         N/A       100%        6


Dungeon Overview and Level Annotations

Branches:
Dungeon (4/15)
 Temple: D:4-7

Altars:

Shops:
D:1 [


Innate Abilities, Weirdness & Mutations

You are completely covered in rugged brown scales. (AC +3, +7% HP)
You have supernaturally acute eyesight. (SInv)
Armour fits poorly on your strangely shaped body.
You can roll at nearby foes to attack.
You have a long armoured tail.


Message History

Press: ? - help, Q - select action, (/) - cycle Shift-Dir - straight line, f - killer bee
Aim: a killer bee (19% to hit)
You throw a boomerang. The boomerang misses the killer bee.
You miss the killer bee.
The killer bee stings you but does no damage. x3
You miss the killer bee. The killer bee barely misses you.
The killer bee stings you.
You thump the killer bee!
Your tail-slap misses the killer bee.
The killer bee is almost dead.
The killer bee stings you! The killer bee barely misses you.
You miss the killer bee.
The killer bee is almost dead.
The killer bee stings you!
You are poisoned.
The killer bee poisons you! The killer bee closely misses you.
The killer bee stings you.
You closely miss the killer bee.
The killer bee is severely wounded.
You feel sick. The killer bee stings you! The killer bee completely misses you.
You sock the killer bee!
You kill the killer bee!
Lugonu accepts your kill.
You feel sick.
The killer bee stings you but does no damage. x2
Your Shields skill increases to level 1!
You feel sick.
You feel sick. The killer bee stings you.
* * * LOW HITPOINT WARNING * * *
Space bends around you!
You blink.
You feel sick.
You fade into invisibility!
You feel sick.
You are no longer poisoned.
The killer bee stings you.
* * * LOW HITPOINT WARNING * * *
You are lethally poisoned!
The killer bee poisons you! The killer bee stings you.
* * * LOW HITPOINT WARNING * * *
You are more poisoned.
The killer bee poisons you! The killer bee stings you.
You die...

#####.###.....#.#
#.......#
#.......######.#
#.......#
#.###.#.# ###
#.......#
#.##..#.# ###
#.......#
#.##.##.# #.$. #
#.<.....#
#.......# #.. .#
#.......#
###...### #.###.#
#.......#
#.....#####.y#..#
###...###
#..........yy@..#
#...#
#.....####>##.###
#.###
##...#####†##.#
#.#
####.<.....yJ..#
#.#
#........##......#
#.#
#.##.....##..###.#
.. #........... ..
.# ###..#.#.....
#..#.#..#.#.#


You could see 3 killer bees.

Vanquished Creatures
  A killer bee (D:4)
  An orc priest (D:4)
  A hound skeleton (D:4)
  4 adders
  4 dart slugs
  10 orcs
  12 endoplasms
  A giant cockroach (D:3)
  14 goblins
  10 hobgoblins
  3 quokkas
  9 ball pythons
  8 bats
  2 frilled lizards (D:2)
  3 kobolds
  5 rats (D:2)
88 creatures vanquished.

Notes
Turn   | Place    | Note
-------+----------+-------------------------------------------
     0 | Abyss:1  | Zenkrye the Palentonga Abyssal Knight began the quest for
                  | the Orb.
     0 | Abyss:1  | Reached XP level 1. HP: 19/19 MP: 2/2
    11 | D:1      | Escaped the Abyss
   484 | D:1      | Reached XP level 2. HP: 17/25 MP: 3/3
   670 | D:1      | Found Zonke's Armour Boutique.
   934 | D:1      | Reached XP level 3. HP: 31/31 MP: 5/5
   941 | D:1      | Reached ** piety under Lugonu
  1009 | D:1      | Got the Disquisition on the Compass and the Entourage
  1764 | D:2      | Reached XP level 4. HP: 37/37 MP: 6/6
  2255 | D:3      | Reached *** piety under Lugonu
  3227 | D:3      | Reached XP level 5. HP: 26/43 MP: 8/8
  3530 | D:1      | Bought a +0 kite shield for 49 gold pieces
  3699 | D:4      | Reached skill level 1 in Shields
  3702 | D:4      | Slain by a killer bee

Illustrated notes

Levels and vault maps discovered:
D:1:      roderic_chinese_lattice_arrival, layout_basic, serial_shops,
          nicolae_shop_crystal
D:2:      layout_basic
D:3:      cheibrodos_greedy_goblins, layout_basic
D:4:      layout_loops_cross, minmay_mini_jars

Skill      XL: |  1  2  3  4  5 |
---------------+----------------+-----
Invocations    | 3 4 |  4.6
Maces & Flails | 3 4 |  4.2
Shields        | 1 |  1.1
Fighting       | |  3.0
Armour         | |  1.6
Dodging        | |  0.8

Action                   |  1- 3 |  4- 6 || total
-------------------------+-------+-------++-------
Melee: Mace              |   118 |    95 ||   213
       Tailslap          |     7 |    15 ||    22
       Flail             |       |    15 ||    15
Throw: Dart              |     4 |     1 ||     5
       Boomerang         |       |    15 ||    15
Invok: Bend Space        |       |     1 ||     1
 Abil: Rolling Charge    |     1 |     2 ||     3
  Use: Scroll            |       |     5 ||     5
       Potion            |       |     1 ||     1
Armor: Leather armour    |    49 |    33 ||    82
       Chain mail        |       |    14 ||    14
       Scale mail        |       |     2 ||     2
Dodge: Dodged            |    62 |    59 ||   121

Table legend: (Time is in decaauts)
 A = Elapsed time spent in this place.
 B = Non-inter-level travel time spent in this place.
 C = Inter-level travel time spent in this place.
 D = Time resting spent in this place.
 E = Time spent auto-exploring this place.
 F = Levels seen in this place.
 G = Mean time per level.
                   A        B        C        D        E       F      G
               +--------+--------+--------+--------+--------+-----+--------+
         Total |   3763 |   3570 |    193 |    405 |   2556 |   5 |  752.6 |
       Dungeon |   3752 |   3559 |    193 |    405 |   2551 |   4 |  938.0 |
         Abyss |     11 |     11 |      0 |      0 |      5 |   1 |   11.0 |
               +--------+--------+--------+--------+--------+-----+--------+

Top non-repeatable levels by time:
     D:3: 1483 daAuts
     D:1: 1280 daAuts
     D:2: 879 daAuts
     D:4: 107 daAuts
 Abyss:1: 11 daAuts
